 Dungeon Crawl Stone Soup version 0.31.0-12-g77e489cdc1 (webtiles) character file.

Game seed: 10944207495674073444

924 Gadfly the Cudgeller (level 8, -1/175 HPs)
             Began as an Oni Berserker on Feb 23, 2024.
             Was an Elder of Trog.
             Slain by Pikel
             ... wielding a +2 whip of electrocution
              (16 damage)
             ... on level 5 of the Dungeon.
             The game lasted 00:07:15 (5198 turns).

Gadfly the Cudgeller (Oni Berserker)                Turns: 5198, Time: 00:07:15

Health: -1/175     AC: 24    Str: 20 (22) XL:     8   Next: 10%
Magic:  8/8        EV:  1    Int:  7 (8)  God:    Trog [****..]
Gold:   263        SH:  0    Dex:  9 (10) Spells: 7/7 levels left

rFire   + + .        i - +4 whip
rCold   . . .        (no shield)
rNeg    . . .        b - melded +1 animal skin
rPois   +            (helmet currently unavailable)
rElec   .            h - melded scarf {shadows}
rCorr   .            (gloves unavailable)
SInv    .            (boots unavailable)
Will    .....        (no amulet) Stlth
                     n - ring of protection from fire
HPRegen 0.49/turn    k - ring of protection from fire
MPRegen 0.11/turn

%: no passive effects
@: berserking, tree-form, very quick
A: stationary, stasis, torment immunity, boosted hp, large, unfitting armour,
(horns 1), (tough skin 1), double potion healing, drunken brawling
a: Renounce Religion, Berserk, Trog's Hand, Brothers in Arms


You were on level 5 of the Dungeon.
You worshipped Trog.
Trog was greatly pleased with you.
You were a tree.
You visited 2 branches of the dungeon, and saw 6 of its levels.

You collected 263 gold pieces.

Inventory:

Hand Weapons
 a - a +2 mace of holy wrath
 i - a +4 whip (weapon)
 p - a +0 flail
Armour
 b - a +1 animal skin (melded)
 h - a scarf of shadows (melded)
Jewellery
 g - a ring of ice
 k - a ring of protection from fire (right branch)
 n - a ring of protection from fire (left branch)
Scrolls
 c - 2 scrolls of teleportation
 l - a scroll of identify
 m - 2 scrolls of fog
Potions
 d - a potion of brilliance
 j - a potion of berserk rage


   Skills:
 - Level 4.0 Fighting
 + Level 6.0 Maces & Flails
 + Level 4.4 Armour
 - Level 2.6 Dodging
 + Level 4.1 Evocations


You had 7 spell levels left.
You didn't know any spells.
Your spell library was empty.

Dungeon Overview and Level Annotations

Branches:
Dungeon (5/15)             Temple (1/1) D:4

Altars:
Ashenzari
Cheibriados
Elyvilon
Fedhas
Gozag
Kikubaaqudgha
Makhleb
Qazlal
Sif Muna
Trog
Uskayaw
Wu Jian
Xom
Yredelemnul
Zin

Annotations:
D:3 VoidStrider's ghost, amateur TeAE
D:4 2 transporters
D:5 Pikel


Innate Abilities, Weirdness & Mutations

You are a tree.
Your roots penetrate the ground, keeping you stationary.
You cannot be teleported.
You are immune to unholy pain and torment.
Your maximum health is greatly increased.
Your equipment is partially melded.
You are too large for most types of armour.
((You have a pair of small horns on your head.))
((You have tough skin. (AC +1)))
You gain doubled healing and magic from potions.
Whenever you drink a healing potion, you attack all around you.


Message History

You hit Pikel.
Pikel is lightly wounded.
Pikel closely misses you.
You closely miss Pikel.
Pikel is lightly wounded.
Pikel hits you with a +2 whip of electrocution!
You are electrocuted!
You are too injured to fight recklessly!
You are too injured to fight recklessly!
You are too injured to fight recklessly!
You are too injured to fight recklessly!
You are too injured to fight recklessly!
You whack Pikel! Your headbutt misses Pikel. You punch Pikel, but do no damage.
Pikel is moderately wounded.
Pikel closely misses you.
You hit Pikel but do no damage. Your headbutt misses Pikel.
Pikel is moderately wounded.
Pikel hits you with a +2 whip of electrocution!
* * * LOW HITPOINT WARNING * * *
You are electrocuted!
* * * LOW HITPOINT WARNING * * *
You turn into a tree.
Your scarf of shadows melds into your body.
Your +1 animal skin melds into your body.
The dungeon's light returns to normal.
Your roots penetrate the ground.
Pikel hits you with a +2 whip of electrocution.
* * * LOW HITPOINT WARNING * * *
You hit Pikel but do no damage. You punch Pikel.
Pikel is heavily wounded.
You hit Pikel but do no damage.
Pikel is heavily wounded.
Pikel hits you but does no damage.
You hit Pikel but do no damage.
Pikel is heavily wounded.
Pikel hits you but does no damage.
A red film seems to cover your vision as you go berserk!
You feel yourself moving faster!
You feel mighty! Pikel hits you but does no damage.
You are electrocuted!
You die...
Pikel says, "Another soul for the market."

### #♣# #K# # #o#
#. #5#
#####.#.########o#
....#.#.#.......o#
....#.#..:.......#
....#.#..........+
.o..#.#..........##


You could see Pikel, a lemure and 3 orcs.

Vanquished Creatures
  The ghost of LoggersVIII the Sneak, an amateur OpEE (D:4)
  Eustachio (D:4)
  2 lemures
  A phantom (D:5)
  2 bombardier beetles
  2 hounds (D:4)
  An orc priest (D:4)
  Natasha (thrice) (D:4)
  4 orc wizards
  3 gnolls
  8 adders
  A shadow imp (D:4)
  3 dart slugs
  A ribbon worm (D:3)
  15 orcs
  7 endoplasms
  4 giant cockroaches
  12 goblins
  6 hobgoblins
  4 jackals (D:1)
  A quokka (D:4)
  10 ball pythons
  7 bats
  3 frilled lizards
  10 kobolds
  4 rats
116 creatures vanquished.

Notes
Turn   | Place    | Note
-------+----------+-------------------------------------------
     0 | D:1      | Gadfly the Oni Berserker began the quest for the Orb.
     0 | D:1      | Reached XP level 1. HP: 24/24 MP: 1/1
   153 | D:1      | Reached XP level 2. HP: 30/32 MP: 2/2
   273 | D:1      | Reached skill level 1 in Armour
   446 | D:1      | Reached ** piety under Trog
   447 | D:1      | Reached skill level 1 in Evocations
   447 | D:1      | Reached XP level 3. HP: 39/39 MP: 3/3
  1112 | D:2      | Reached XP level 4. HP: 48/48 MP: 4/4
  1158 | D:2      | Reached skill level 4 in Maces & Flails
  1326 | D:2      | Reached XP level 5. HP: 53/54 MP: 5/5
  1866 | D:3      | Found a transporter.
  1867 | D:3      | Noticed an ogre
  1867 | D:3      | Noticed an ogre
  1868 | D:3      | Noticed an ogre
  1868 | D:3      | Noticed VoidStrider's ghost (amateur TeAE)
  1874 | D:3      | Found a transporter.
  1996 | D:3      | Reached *** piety under Trog
  2942 | D:4      | Found a staircase to the Ecumenical Temple.
  2963 | Temple   | Entered the Ecumenical Temple
  3191 | D:4      | Reached XP level 6. HP: 29/62 MP: 6/6
  3565 | D:4      | Noticed Eustachio
  3901 | D:4      | Killed Eustachio
  3902 | D:4      | Reached skill level 5 in Maces & Flails
  3926 | D:4      | Found a transporter.
  3938 | D:4      | Reached XP level 7. HP: 70/70 MP: 7/7
  3968 | D:4      | Found a transporter.
  4006 | D:4      | Noticed Natasha
  4013 | D:4      | Killed Natasha
  4042 | D:4      | Found a runed translucent gate.
  4042 | D:4      | Found a runed translucent gate.
  4043 | D:4      | Found a runed translucent gate.
  4043 | D:4      | Found an opulent altar of Gozag.
  4151 | D:4      | Noticed Natasha
  4156 | D:4      | Killed Natasha
  4301 | D:4      | Noticed Natasha
  4303 | D:4      | Noticed LoggersVIII's ghost (amateur OpEE)
  4310 | D:4      | Killed Natasha
  4682 | D:4      | Found a shimmering blue altar of Sif Muna.
  4726 | D:4      | Killed LoggersVIII's ghost
  4807 | D:5      | Entered Level 5 of the Dungeon
  4823 | D:5      | Reached XP level 8. HP: 71/78 MP: 8/8
  4880 | D:5      | Reached skill level 6 in Maces & Flails
  4882 | D:5      | Reached **** piety under Trog
  4886 | D:5      | Noticed Pikel
  5198 | D:5      | Slain by Pikel

Illustrated notes

Levels and vault maps discovered:
D:1:      dpeg_arrival_concentric_ovals, layout_basic
D:2:      layout_basic
D:3:      layout_basic, gammafunk_ghost_smash
D:4:      gammafunk_wand_slinger, layout_loops_ring, lemuel_blue_sif_altar,
          minmay_temple_entry_slanted, ebering_ghost_gozag, uniq_natasha,
          uniq_eustachio
D:5:      layout_basic, minmay_guarded_unrand_staff_of_olgreb, uniq_pikel
Temple:   nicolae_temple_figure_eight

Skill      XL: |  1  2  3  4  5  6  7  8 |
---------------+-------------------------+-----
Armour         | 1 2 3 4 |  4.4
Evocations     | 1 2 3 4 |  4.1
Maces & Flails | 4 5 6 |  6.0
Fighting       | |  4.0
Dodging        | |  2.6

Action                     |  1- 3 |  4- 6 |  7- 9 || total
---------------------------+-------+-------+-------++-------
  Melee: Mace              |    88 |   143 |       ||   231
         Headbutt          |    13 |    29 |    24 ||    66
         Punch             |       |     1 |     2 ||     3
         Whip              |       |    43 |   143 ||   186
 Invoke: Berserk           |       |       |     2 ||     2
    Use: Scroll            |     3 |    11 |       ||    14
         Potion            |       |       |     3 ||     3
 Armour: Animal skin       |    73 |   154 |   114 ||   341
         Skin              |       |       |     4 ||     4
  Dodge: Dodged            |    63 |   101 |    47 ||   211
